 Dungeon Crawl Stone Soup version 0.19-a0-975-gfff5315 (webtiles) character file.

269 matakusis the Ducker (level 6, -6/47 HPs)
             Began as a Demonspawn Gladiator on July 13, 2016.
             Was a Follower of Hepliaklqana.
             Mangled by Pikel
             ... wielding a +2 whip of freezing
              (10 damage)
             ... on level 4 of the Dungeon.
             The game lasted 00:11:33 (3351 turns).

matakusis the Ducker (Demonspawn Gladiator)         Turns: 3351, Time: 00:11:35

Health: -6/47      AC:  4    Str: 15    XL:     6   Next: 1%
Magic:  5/6        EV: 14    Int:  9    God:    Hepliaklqana [*.....]
Gold:   169        SH:  3    Dex: 16    Spells: 1 memorised, 1 level left

rFire  . . .     SeeInvis .     a - +1 long sword
rCold  . . .     Gourm    .     b - +0 leather armour
rNeg   . . .     Faith    .     (no shield)
rPois  .         Spirit   .     (helmet restricted)
rElec  .         Dismiss  .     (no cloak)
rCorr  .         Reflect  +     m - +0 pair of gloves
SustAt .         Harm     .     (no boots)
MR     .....                    e - +3 amulet of reflection
Stlth  +.........               (no ring)
                                (no ring)

@: not resistant to hostile enchantments, very unstealthy
A: horns 1, powered by pain 1, rot immunity
a: Recall Ancestor, Ancestor Identity, Renounce Religion


You were on level 4 of the Dungeon.
You worshipped Hepliaklqana.
Hepliaklqana was aware of your devotion.
You were hungry.

You visited 1 branch of the dungeon, and saw 4 of its levels.

You collected 169 gold pieces.

Inventory:

Hand Weapons
 a - a +1 long sword (weapon)
Missiles
 d - a throwing net (quivered)
Armour
 b - a +0 leather armour (worn)
 c - a +0 helmet
 m - a +0 pair of gloves (worn)
Jewellery
 e - a +3 amulet of reflection (around neck)
Wands
 s - a wand of iceblast (7/15)
Scrolls
 j - a scroll of blinking
 l - 2 scrolls of remove curse
 o - a scroll of fog
 r - a scroll of enchant weapon
Potions
 h - 2 potions of degeneration {unknown}
 k - a potion of lignification
 n - a potion of mutation {unknown}
 q - a potion of cancellation {unknown}
Books
 i - a book of Enchantments

   Spells                             Type                      Level
   a - Cause Fear                     Hexes                        4
   b - Yara's Violent Unravelling     Hexes/Transmutation          5
   c - Silence                        Hexes/Air                    5
   d - Deflect Missiles               Charms/Air                   6
   e - Haste                          Charms                       6
   f - Discord                        Hexes                        8
Comestibles
 f - 2 chunks of flesh
 g - 3 bread rations
 p - 3 meat rations


   Skills:
 * Level 3.3 Fighting
 + Level 3.4 Long Blades
 - Level 1.7 Throwing
 + Level 1.1 Armour
 * Level 4.7 Dodging
 * Level 1.0 Hexes


You had one spell level left.
You knew the following spells:

 Your Spells              Type           Power        Failure   Level  Hunger
a - Cause Fear            Hex            #.........   100%        4    #####..


Dungeon Overview and Level Annotations

Branches:
Dungeon (4/15)
 Temple: D:4-7

Altars:
Hepliaklqana
Xom

Annotations:
D:4 Pikel


Innate Abilities, Weirdness & Mutations

You have a pair of small horns on your head.
You sometimes gain a little power by taking damage.
You are immune to rotting.


Message History

You hit Pikel but do no damage. Your headbutt misses Pikel.
Pikel is heavily wounded.
The orc closely misses you.
The slave hits Khenut.
Pikel closely misses you.
You riposte.
You closely miss Pikel.
Pikel is heavily wounded.
The orc hits you but does no damage.
Khenut hits the slave.
The slave barely misses you. The orc barely misses you.
You riposte.
You barely miss the orc. Your headbutt misses the orc.
Unknown command.
You closely miss Pikel.
Pikel is heavily wounded.
The slave hits Khenut.
Khenut is destroyed!
Pikel closely misses you. The orc barely misses you.
You block the orc's attack.
Unknown command.
You barely miss Pikel.
Pikel is heavily wounded.
Pikel hits you with a whip of freezing!
You die...

#.........
######o...(.......#
###......po..........
#....<##)../..........
########..............
#..##.........###.#. #
#######...p.o(............#
##........K.oh......# #.##..
#....#..#pp@o.......###.....
#........................#..
#.....#####.............##..
#....## ##.............##..
#....# #...[...........#..
#....# #..[...............
###### #..>...............
#..................
#..................


You could see Pikel, 3 slaves, 3 orcs and a jackal.

Vanquished Creatures
  A slave (D:3)
  A hound (D:4)
  Jessica (D:2)
  Natasha (D:2)
  2 adders
  A worm (D:2)
  3 dart slugs
  4 giant geckos
  6 orcs
  6 giant cockroaches
  4 goblins
  9 hobgoblins
  3 jackals (D:3)
  8 kobolds
  7 bats
  2 giant newts (D:2)
  9 rats
68 creatures vanquished.

Vanquished Creatures (collateral kills)
  Terence (D:2)
  Natasha (D:4)
  2 adders (D:2)
  A dart slug (D:2)
  3 orcs
  2 bats (D:2)
  A hobgoblin (D:2)
  A kobold (D:3)
12 creatures vanquished.

Vanquished Creatures (others)
  An ancestor (D:4)
1 creature vanquished.

Grand Total: 81 creatures vanquished

Notes
Turn   | Place    | Note
-------+----------+-------------------------------------------
     0 | D:1      | matakusis the Demonspawn Gladiator began the quest for the Orb.
     0 | D:1      | Reached XP level 1. HP: 16/16 MP: 1/1
   122 | D:1      | Reached skill level 3 in Dodging
   140 | D:1      | Gained mutation: You are immune to rotting. [demonic ancestry]
   140 | D:1      | Reached XP level 2. HP: 22/22 MP: 2/2
   662 | D:1      | Gained mutation: You sometimes gain a little power by taking damage. [demonic ancestry]
   662 | D:1      | Reached XP level 3. HP: 27/27 MP: 3/3
  1023 | D:2      | Found a hazy altar of Hepliaklqana.
  1024 | D:2      | Found a shimmering altar of Xom.
  1024 | D:2      | Noticed a hell beast
  1025 | D:2      | Noticed a spectral ugly thing
  1025 | D:2      | Noticed a hell beast
  1028 | D:2      | Became a worshipper of Hepliaklqana
  1123 | D:2      | Noticed Natasha
  1126 | D:2      | Noticed Terence
  1134 | D:2      | Killed Natasha
  1134 | D:2      | Reached XP level 4. HP: 3/34 MP: 4/4
  1142 | D:2      | Killed Terence
  1142 | D:2      | Reached skill level 4 in Dodging
  1559 | D:2      | Noticed Jessica
  1572 | D:2      | Killed Jessica
  1572 | D:2      | Reached skill level 1 in Armour
  1658 | D:2      | Reached XP level 5. HP: 27/40 MP: 5/5
  2170 | D:3      | Found a shimmering altar of Xom.
  2417 | D:3      | Reached * piety under Hepliaklqana
  2529 | D:3      | Found a shimmering altar of Xom.
  2532 | D:3      | Found a shimmering altar of Xom.
  2540 | D:3      | Learned a level 4 spell: Cause Fear
  2778 | D:4      | Noticed a slave
  2814 | D:4      | Noticed Natasha
  2822 | D:4      | Killed Natasha
  2822 | D:4      | Reached skill level 1 in Hexes
  3015 | D:4      | Noticed a slave
  3016 | D:4      | Noticed Pikel
  3017 | D:4      | Noticed a slave
  3017 | D:4      | Noticed a slave
  3043 | D:3      | Killed a slave
  3340 | D:4      | Gained mutation: You have a pair of small horns on your head. [demonic ancestry]
  3340 | D:4      | Reached XP level 6. HP: 43/47 MP: 4/6
  3351 | D:4      | Mangled by Pikel

Vault maps used:
D:1:      dpeg_arrival_ratfight, minmay_tripent
D:2:      regret_index_temple_of_mockery, first_bread,
          minmay_misc_feat_four_crosses, uniq_natasha, uniq_terence,
          uniq_jessica
D:3:      minmay_misc_feat_enclosed, xom_redecorated
D:4:      uniq_pikel, uniq_duvessa

Skill      XL: |  1  2  3  4  5 |
---------------+----------------+-----
Dodging        | 3 4 |  4.7
Long Blades    | 3 |  3.4
Armour         | 1 |  1.1
Fighting       | 3 |  3.3
Hexes          | 1 |  1.0
Throwing       | |  1.7

Action                   |  1- 3 |  4- 6 || total
-------------------------+-------+-------++-------
Melee: Long sword        |   113 |   169 ||   282
       Headbutt          |       |     3 ||     3
Throw: Throwing net      |     1 |     3 ||     4
Invok: Recall Ancestor   |     1 |     2 ||     3
  Use: Potion            |       |     3 ||     3
       Scroll            |       |     7 ||     7
 Stab: Sleeping          |     1 |       ||     1
       Held in net/web   |     1 |       ||     1
       Distracted        |       |     1 ||     1
  Eat: Chunk             |     1 |     2 ||     3
       Bread ration      |       |     1 ||     1
Armor: Leather armour    |    22 |    30 ||    52
       Skin              |       |     5 ||     5
Dodge: Dodged            |    52 |   109 ||   161
Block: Other             |    13 |    22 ||    35
       Reflection        |     2 |       ||     2
